Workbook

Sheet INFORME DEL CONTRATISTA -SUPERV
A2: 1. DATOS GENERALES
A3: CONTRATO No. | E3: 061 de 2019 | I3: FECHA CONTRATO: | M3: 43515
A4: NOMBRE DEL SUPERVISOR: | E4: ETHEL VASQUEZ ROJAS | J4: Nº CEDULA: | L4: 39546837
A5: CARGO DEL SUPERVISOR: | E5: DIRECTORA DE GESTION CORPORATIVA
A6: NOMBRE (Contratista/Empresa): | E6: CARLOS ARTURO RUEDA DAZA | J6: CEDULA/NIT: | L6: 79235129
A7: OBJETO: | E7: Prestar servicios profesionales como archivista en la elaboración de los documentos archivísticos de la Secretaría Jurídica Distrital
A9: VALOR INICIAL: | E9: 75993610
A10: VALOR ADICIÓN (Si Aplica): | E10: 0
A11: VALOR TOTAL: | E11: =E9+E10 -> 75993610
A12: PLAZO: | E12: 10 | F12: MESES | G12: 0 | H12: DIAS
A13: PRORROGA (Si Aplica): | E13: No aplica | J13: ADICIÓN | L13: No aplica
A14: SUSPENSIONES (Fecha Inicial-Final): | E14: 00/00/0000 | G14: a | H14: 00/00/0000 | J14: 00/00/0000 | L14: a | M14: 00/00/0000
A15: FECHA DE ACTA DE INICIO: | E15: 43515
A16: FECHA FINALIZACIÓN CONTRATO: | E16: 43817
A17: FECHA INFORME | E17: 43819
A18: PERIODO INFORME | E18: 43800 | G18: a | H18: 43817
A19: % AVANCE CONTRATO | E19: =300/300 -> 1 | F19: Avance físico acumulado del contrato
A21: RP | B21: Rubro Presupuestal | E21: Nombre del Rubro Presupuestal | I21: Fuente Financiación | L21: Centro de Costos
A22: 67 | B22: 3-3-1-15-07-43-7509-189 | E22: “Fortalecimiento de la capacidad institucional para mejorar la gestión administrativa de la Secretaria Jurídica Distrital | I22: Funcionamiento 01-12 otros Distrito | L22: 2311000
A24: 2. FUENTE DE FINANCIACIÓN
A25: TIPO DE INFORME:
B26: PERSONA NATURAL | E26: X | F26: PERSONA JURIDICA | K26: ¿Deshabilitar control de pagos? | M26: NO
B27: MENSUAL | E27: X | F27: PARCIAL | K27: FINAL
A29: Proceso al que pertenece (marcar con una x) se puede marcar mas de uno si se requiere: | F29: Atención al Ciudadano | I29: Gestión del Talento Humano | L29: Gestión Judicial, Extrajudicial
F30: Planeación y mejora continua | I30: Gestión Juridica Distrital | L30: Notificaciones
F31: Gestión de la Comunicaciónes | I31: Gestión Disciplinaria Distrital | L31: Gestión financiera
F32: Gestión de TIC´s | I32: Gestión IVC - ESAL | L32: Gestión Administrativa
F33: Gestión Documental | H33: X | I33: Gestión Normativa Conceptual | L33: Gestión Contractual
F34: Evaluación independiente | I34: Control Interno Disciplinario
A35: * Si aplica
A36: 3. ESTADO FINANCIERO DEL CONTRATO
A37: VALOR TOTAL DEL CONTRATO | E37: =+E11 -> 75993610
E38: RELACIÓN DE PAGO(S)
A39: =IF(M26="SI","RELACION DE VALOR(ES) O FACTURA(S) A COBRAR EN EL PERIODO", "REGISTRO DE PAGO(S)") -> REGISTRO DE PAGO(S) | E39: =IF(M26="SI","VALOR 1","ENERO") -> ENERO | G39: 2533120 | I39: 7599361 | K39: 7599361 | M39: 7599361
E40: 7599361 | G40: 7599361 | I40: 7599361 | K40: 7599361 | M40: 7599361
E41: 7599361 | G41: 4559617 | I41: TOTAL | K41: =IF(M26="SI",IF(E39="VALOR 1",0,E39)+IF(G39="VALOR 2",0,G39)+IF(I39="VALOR 3",0,I39)+IF(K39="VALOR 4",0,K39)+IF(M39="VALOR 5",0,M39)+IF(E40="VALOR 6",0,E40)+IF(G40="VALOR 7",0,G40)+IF(I40="VALOR 8",0,I40)+IF(K40="VALOR 9",0,K40)+IF(M40="VALOR 10",0,M40)+IF(E41="VALOR 11",0,E41)+IF(G41="VALOR 12",0,G41),(IF(E39="ENERO",0,E39)+IF(G39="FEBRERO",0,G39)+IF(I39="MARZO",0,I39)+IF(K39="ABRIL",0,K39)+IF(M39="MAYO",0,M39)+IF(E40="JUNIO",0,E40)+IF(G40="JULIO",0,G40)+IF(I40="AGOSTO",0,I40)+IF(K40="SEPTIEMBRE",0,K40)+IF(M40="OCTUBRE",0,M40)+IF(E41="NOVIEMBRE",0,E41)+IF(G41="DICIEMBRE",0,G41))) -> 75486986
A42: VALOR A PAGAR EN ESTE PERIODO | E42: =IF(M26="SI",K41,(IF(G41<>"DICIEMBRE",G41,IF(E41<>"NOVIEMBRE",E41,IF(M40<>"OCTUBRE",M40,IF(K40<>"SEPTIEMBRE",K40,IF(I40<>"AGOSTO",I40,IF(G40<>"JULIO",G40,IF(E40<>"JUNIO",E40,IF(M39<>"MAYO",M39,IF(K39<>"ABRIL",K39,IF(I39<>"MARZO",I39,IF(G39<>"FEBRERO",G39,IF(E39<>"ENERO",E39,0)))))))))))))) -> 4559617
A43: =IF(M26="SI", "ATENCIÓN!!!","FALTANTE POR PAGAR") -> FALTANTE POR PAGAR | E43: =IF(M26="SI","Recuerde llevar el control de pagos (evite el desfinanciamiento del prespuesto asignado)",E37-K41) -> 506624
A44: =IF(M26="SI","*Si aplica (Facturas adjuntas)","NUMERO DEL PAGO A REALIZAR") -> NUMERO DEL PAGO A REALIZAR | E44: 11
A49: 4. GESTIÓN DEL CONTRATISTA
A51: * | B51: ¿El contratista debe hacer entrega de productos? | I51: SI | K51: NO | L51: x
B52: Si la respuesta es afirmativa por favor detalle a continuación los productos que deben ser entregados por el contratista y los mismos fueron entregados a satisfacción, de lo contrario diligencia los campos relacionados con las obligaciones en el contrato.
M53: ENTREGA A SATISFACCIÓN
A55: N° | B55: PRODUCTO | L55: %AVANCE | M55: SI | N55: NO
A56: 1 | B56: "Por favor ajustar el tamaño de la fila antes de imprimir, para que se pueda verificar toda la información contenida"
A57: 2
A58: 3
A59: 4
A60: 5
A61: * | B61: Si alguno de los productos no es entregado a satisfacción, por favor especifique en el campo de observaciones el motivo.
A64: OBLIGACIONES
A65: N° | B65: OBLIGACIÓN | G65: DESCRIPCIÓN
A66: 1 | B66: Elaborar un cronograma de trabajo, el cual debe contener seguimiento mensual, e indicadores de gestión. | G66: Se desarrolló el seguimiento al cronograma semanal, con el equipo interdisciplinario de Gestión Documental, en el desarrollo a las actividades y los indicadores planteados en el Plan de Trabajo, "Plan Trabajo y Cronograma SJD 2019 V4"
A67: 2 | B67: Participar en la elaboración y ajuste de los documentos e instrumentos archivísticos de la Secretaría Jurídica Distrital. | G67: Se realizaron una mesa de trabajo para la actualización y ajutes de las TRD, con la Dirección Distrital de Política e Informática Jurídica. Se actualizaron las TRD de las siguientes dependencias de la SJD, con las firmas de aprobación de los responsasbles dependencias: 1. Oficina de Control Interno 2. Dirección de Asuntos disciplinarios 3. Dirección Distrital Doctrina y Asuntos Normativos 4. Oficina de Tecnología de la Información y las Comunicaciones 5. Oficina de Planeación 6. Dirección de Gestión corporativa 7. Dirección Distrital de Defensa Judicial y Prevención del Daño Antijurídico 8. Dirección Distrital de Inspección y Vigilancia y Control de Personas Jurídicas sin ánimo de Lucro Se realizan nuevos ajustes a las TRD de la: 1. Dirección de Asuntos Disciplinarios, 2. Dirección de Gestión Corporaativa 3. Dirección Distrital de Defensa Judicial y Prevención del Daño Antijurídico 4. Dirección Distrital de Inspección y Vigilancia y Control de Personas Jurídicas sin ánimo de Lucro
A68: 3 | B68: Presentar informes mensuales de los avances de la implementación del proyecto de gestión documental de la Secretaría. | G68: Se elaboró el informe Final de actividades, correspondiente al periodo del 01 de Agosto de 2019 al 18 de Diciembre de 2019
A69: 4 | B69: Efectuar las actividades necesarias para la implementación y acompañamiento en la aplicación de tablas de retención documental –TRD | G69: Se realiza acompañamiento a la Dirección Distrital de Defensa Judicial y Prevención del Daño Antijurídico, en la aplicación de la TRD para la organización de los archivos de gestión.
A70: 5 | B70: Brindar capacitaciones y talleres para la implementación del Sistema de Gestión Documental. | G70: Se programó capacitación para el día 20 de diciembre de 2019, con los funcionarios que asumiran tareas propias del Archivo de Gestión Centralizado y Archivo Central, durante el año 2020.
A71: 6 | B71: Elaborar y actualizar los documentos del Proceso de Gestión Documental. | G71: Se actualizaron las TRD con los siguientes documentos anexos a este instrumento archivístico: Cuadro de Clasificación Documental - CCD Series y subseries documentales codificadas Ficha de Valoración Documental Memoria Descriptiva Cuadro justificación modificación y creación series actualizadas.
A72: 7 | B72: Apoyar la supervisión de los contratos relacionados con el objeto del contrato | G72: Se participó en diferentes reuniones técnicas y administrativas agendadas durante este periodo, como apoyo técnico a la supervisión del contrato No. 121 de 2019, suscrito con la firma Skaphe Tecnología S.A.S.
A73: 8 | B73: Las demás que le sean asignadas por la supervisión del contrato, de conformidad con la naturaleza del contrato. | G73: Apoyo a la supervisión en la consecución de préstamos de los expedientes, para ser entregados a las áreas que lo requirieran. Se realizó control de calidad de las siguientes series documentales entregadas por SKAPHE dentro del contrato 121 de 2015: Contratos, Informes, Actas. Se reciben 360 cajas con 2740 Unidades Documentales de expedientes IVC sin organizar, de la empresa SKAPHE, contra inventario numérico por ID y número de caja.
A74: 9
A76: Adjunto soportes de la gestión contractual en: | G76: SIGA Y SECOP II | I76: X | J76: CD/DVD | L76: Documentos
A78: 5. DETALLE DE LA INFORMACIÓN REGISTRADA EN LA PLANILLA Y APORTES A SEGURIDAD SOCIAL
D80: NOMBRE ADMINISTRADORA | H80: Nº DE PLANILLA | J80: FECHA DE PAGO | L80: MES DE APORTE
A81: PAGO APORTES SALUD | D81: COMPENSAR | H81: 39525563 39545108 | J81: 19/12/2019 20/12/2019 | L81: NOVIEMBRE DICIEMBRE
A82: PAGO APORTES PENSIÓN | D82: COMPENSAR | H82: 39525563 39545108 | J82: 19/12/2019 20/12/2019 | L82: NOVIEMBRE DICIEMBRE
A83: PAGO APORTE ARL | D83: COMPENSAR | H83: 39525563 39545108 | J83: 19/12/2019 20/12/2019 | L83: NOVIEMBRE DICIEMBRE
A84: * | B84: Tenga en cuenta que si adjunta planilla de pago de la planta de empleados de su empresa (Persona Juridica) "La tabla de calculo no
B85: procesara el valor de la planilla que adjunta.
A86: * | B86: SI | C86: Estoy obligado a pagar pensión.
A87: * | B87: NO | C87: Pertenezco al régimen común | G87: IVA | H87: =IF(B87="NO",0,0.19) -> 0
E88: SI | M88: ARL
E89: NO | M89: CLASE DE RIESGO
A90: PERIODO CERTIFICADO | I90: PAGO SALUD | K90: PAGO PENSIÓN | M90: 1
A91: FECHA INICIAL | C91: FECHA FINAL | E91: DIAS CERTIFICADOS | G91: VALOR MENSUAL | I91: FECHA DE PAGO | K91: FECHA DE PAGO | M91: FECHA DE PAGO
I92: =+J81 -> 19/12/2019 20/12/2019 | K92: =+J82 -> 19/12/2019 20/12/2019 | M92: =+J83 -> 19/12/2019 20/12/2019
I93: 0.125 | K93: 0.16 | M93: =IF(M90=1,0.522%,IF(M90=2,1.044%,IF(M90=3,2.436%,IF(M90=4,4.35%,IF(M90=5,6.96%,0))))) -> 0.00522
A94: =IF(E26= "X",E18," ") -> 43800 | C94: =IF(E26= "X",H18," ") -> 43817 | E94: =IFERROR(IF(C94="00/00/0000","",(C94-A94)+1),0) -> 18 | G94: =IF(E26= "X",IF(B87="NO",E42,(E42/(1+H87)))," ") -> 4559617 | I94: =IFERROR(IF(G94=0,"",ROUNDUP(IF($G94="","",((IF($G94*0.4<D96,D96,$G94*0.4))*I93)),-2)),0) -> 228000 | K94: =IF(B86="SI",IFERROR(IF(G94=0,"",ROUNDUP(IF($G94="","",((IF($G94*0.4<D96,D96,$G94*0.4))*K93)),-2)),0),IF(B86="NO",0,"ERROR")) -> 291900 | M94: =IFERROR(IF(G94=0,"",ROUNDUP(IF($G94="","",((IF($G94*0.4<D96,D96,$G94*0.4))*M93)), -2)),0) -> 9600
A95: * | B95: Recuerde que la planilla puede registrar un valor superior por razones de mora.
B96: SMLMV | D96: 828116 | H96: Valor Fondo solidaridad | K96: =IF(E97="NO","",ROUNDUP(((IFERROR(IF(E97="SI",(G94*0.4)*0.01,""),0))/1000),1)*1000)
A97: * | E97: =IF(E26= "X",IF((G94*0.4)>(D96*4),"SI","NO"),"NO") -> NO | F97: (1% del valor base a cotizar en seguridad social cuando supera los 4 smlmv)
A99: 6. SOPORTES DOCUMENTALES ENTREGADOS POR EL CONTRATISTA
M101: ENTREGA
A102: N° | B102: DOCUMENTO | M102: SI | N102: NO
A103: 1 | B103: Formato gestión financiera del contrato de prestación de servicios | M103: X
A104: 2 | B104: Adjunta CD de las evidencias de las actividades desarrolladas en el periodo | N104: X
A105: 3 | B105: Adjunta documentos impresos de las evidencias de las actividades desarrolladas en el periodo | N105: X
A106: 4 | B106: Adjunta copia de la planilla de aportes a seguridad social por concepto del pago de (pensión, salud y ARL). | M106: X
A107: 5 | B107: Se encuentra(n) vigente(s) la(s) garantía(s) suscrita(s) entre el contratista y la Secretaria Jurídica Distrital. | M107: X
A108: 6 | B108: En el caso de personas jurídicas anexa la certificación de pago de seguridad social y parafiscales por revisor fiscal y/o representante legal. | N108: X
A110: 7 | B110: OTROS: | M110: X
A111: * | B111: El supervisor debe validar la información de la planilla con el siguiente campo.
A113: 7. NOVEDADES, SITUACIONES O INCONVENIENTES
A115: * | B115: ¿Sucedió alguna novedad, situación o inconveniente durante la ejecución del contrato?
I116: SI | K116: NO | L116: X
B118: Si la respuesta es afirmativa por favor detalle las novedades, situaciones o inconvenientes suscitados en el campos observaciones del presente numeral.
A121: OBSERVACIONES
A122: Se realizó sesión del contrato No. 061 de 2019, siendo este el segundo pago de sesión
A127: 8. FIRMAS
A129: DATOS DEL CONTRATISTA | I129: El suscrito contratista procederá al cargue del presente Informe de Gestión mediante la Plataforma SIGA Y SECOP II, lo que establece que el mismo da fe de la información aquí registrada.
...

Sheet Hoja1
A3: X

Sheet GESTION FINANCIERA DEL CONTRATO
A1: 1. DATOS GENERALES
A2: CONTRATO No. | E2: =IF('INFORME DEL CONTRATISTA -SUPERV'!E3="","",'INFORME DEL CONTRATISTA -SUPERV'!E3) -> 061 de 2019 | J2: FECHA | L2: =+'INFORME DEL CONTRATISTA -SUPERV'!M3 -> 43515
A3: NOMBRE DEL SUPERVISOR: | E3: =IF('INFORME DEL CONTRATISTA -SUPERV'!E4="","",'INFORME DEL CONTRATISTA -SUPERV'!E4) -> ETHEL VASQUEZ ROJAS | J3: Nº CEDULA | L3: =IF('INFORME DEL CONTRATISTA -SUPERV'!L4="","",'INFORME DEL CONTRATISTA -SUPERV'!L4) -> 39546837
A4: CARGO DEL SUPERVISOR: | E4: =IF('INFORME DEL CONTRATISTA -SUPERV'!E5="","",'INFORME DEL CONTRATISTA -SUPERV'!E5) -> DIRECTORA DE GESTION CORPORATIVA
A5: NOMBRE (Contratista/Empresa): | E5: =IF('INFORME DEL CONTRATISTA -SUPERV'!E6="","",'INFORME DEL CONTRATISTA -SUPERV'!E6) -> CARLOS ARTURO RUEDA DAZA | J5: CEDULA/NIT: | L5: =IF('INFORME DEL CONTRATISTA -SUPERV'!L6="","",'INFORME DEL CONTRATISTA -SUPERV'!L6) -> 79235129
A6: OBJETO: | E6: =IF('INFORME DEL CONTRATISTA -SUPERV'!E7="","",'INFORME DEL CONTRATISTA -SUPERV'!E7) -> Prestar servicios profesionales como archivista en la elaboración de los documentos archivísticos de la Secretaría Jurídica Distrital
A8: VALOR INICIAL: | E8: ='INFORME DEL CONTRATISTA -SUPERV'!E9:N9 -> 75993610
A9: VALOR ADICIÓN (Si Aplica): | E9: ='INFORME DEL CONTRATISTA -SUPERV'!E10:N10 -> 0
A10: VALOR TOTAL: | E10: ='INFORME DEL CONTRATISTA -SUPERV'!E11:N11 -> 75993610
A11: PLAZO: | E11: ='INFORME DEL CONTRATISTA -SUPERV'!E12 -> 10 | F11: MESES | G11: ='INFORME DEL CONTRATISTA -SUPERV'!G12 -> 0 | H11: DIAS
A12: PRORROGA (Si Aplica): | E12: ='INFORME DEL CONTRATISTA -SUPERV'!E13:I13 -> No aplica | J12: ADICIÓN | L12: ='INFORME DEL CONTRATISTA -SUPERV'!L13:N13 -> No aplica
A13: SUSPENSIONES (Fecha Inicial-Final): | E13: ='INFORME DEL CONTRATISTA -SUPERV'!E14:F14 -> 00/00/0000 | G13: a | H13: ='INFORME DEL CONTRATISTA -SUPERV'!H14:I14 -> 00/00/0000 | J13: ='INFORME DEL CONTRATISTA -SUPERV'!J14:K14 -> 00/00/0000 | L13: a | M13: ='INFORME DEL CONTRATISTA -SUPERV'!M14:N14 -> 00/00/0000
A14: FECHA DE ACTA DE INICIO: | E14: ='INFORME DEL CONTRATISTA -SUPERV'!E15 -> 43515
A15: FECHA FINALIZACIÓN CONTRATO: | E15: ='INFORME DEL CONTRATISTA -SUPERV'!E16 -> 43817
A16: FECHA CERTIFICACIÓN | E16: ='INFORME DEL CONTRATISTA -SUPERV'!E17 -> 43819
A17: PERIODO CERTIFICACIÓN | E17: ='INFORME DEL CONTRATISTA -SUPERV'!E18 -> 43800 | G17: a | H17: ='INFORME DEL CONTRATISTA -SUPERV'!H18 -> 43817
A18: RP | B18: Rubro Presupuestal | E18: Nombre del Rubro Presupuestal | I18: Fuente Financiación | L18: Centro de Costos
A19: =IF('INFORME DEL CONTRATISTA -SUPERV'!A22=0," ",'INFORME DEL CONTRATISTA -SUPERV'!A22) -> 67 | B19: =IF('INFORME DEL CONTRATISTA -SUPERV'!B22:D22=0," ",'INFORME DEL CONTRATISTA -SUPERV'!B22:D22) -> 3-3-1-15-07-43-7509-189 | E19: =IF('INFORME DEL CONTRATISTA -SUPERV'!E22:H22=0," ",'INFORME DEL CONTRATISTA -SUPERV'!E22:H22) -> “Fortalecimiento de la capacidad institucional para mejorar la gestión administrativa de la Secretaria Jurídica Distrital | I19: =IF('INFORME DEL CONTRATISTA -SUPERV'!I22:K22=0," ",'INFORME DEL CONTRATISTA -SUPERV'!I22:K22) -> Funcionamiento 01-12 otros Distrito | L19: =IF('INFORME DEL CONTRATISTA -SUPERV'!L22:N22=0," ",'INFORME DEL CONTRATISTA -SUPERV'!L22:N22) -> 2311000
A22: 2. ESTADO FINANCIERO DEL CONTRATO
A24: VALOR DEL CONTRATO | E24: ='INFORME DEL CONTRATISTA -SUPERV'!E37 -> 75993610
E25: RELACIÓN DE PAGOS
A26: ='INFORME DEL CONTRATISTA -SUPERV'!A39 -> REGISTRO DE PAGO(S) | E26: ='INFORME DEL CONTRATISTA -SUPERV'!E39:F39 -> ENERO | G26: ='INFORME DEL CONTRATISTA -SUPERV'!G39:H39 -> 2533120 | I26: ='INFORME DEL CONTRATISTA -SUPERV'!I39:J39 -> 7599361 | K26: ='INFORME DEL CONTRATISTA -SUPERV'!K39:L39 -> 7599361 | M26: ='INFORME DEL CONTRATISTA -SUPERV'!M39:N39 -> 7599361
E27: ='INFORME DEL CONTRATISTA -SUPERV'!E40:F40 -> 7599361 | G27: ='INFORME DEL CONTRATISTA -SUPERV'!G40:H40 -> 7599361 | I27: ='INFORME DEL CONTRATISTA -SUPERV'!I40:J40 -> 7599361 | K27: ='INFORME DEL CONTRATISTA -SUPERV'!K40:L40 -> 7599361 | M27: ='INFORME DEL CONTRATISTA -SUPERV'!M40:N40 -> 7599361
E28: ='INFORME DEL CONTRATISTA -SUPERV'!E41:F41 -> 7599361 | G28: ='INFORME DEL CONTRATISTA -SUPERV'!G41:H41 -> 4559617 | I28: TOTAL | K28: ='INFORME DEL CONTRATISTA -SUPERV'!K41:N41 -> 75486986
A29: ='INFORME DEL CONTRATISTA -SUPERV'!A42 -> VALOR A PAGAR EN ESTE PERIODO | E29: ='INFORME DEL CONTRATISTA -SUPERV'!E42:N42 -> 4559617
A30: ='INFORME DEL CONTRATISTA -SUPERV'!A43 -> FALTANTE POR PAGAR | E30: ='INFORME DEL CONTRATISTA -SUPERV'!E43:N43 -> 506624
A31: ='INFORME DEL CONTRATISTA -SUPERV'!A44 -> NUMERO DEL PAGO A REALIZAR | E31: =+'INFORME DEL CONTRATISTA -SUPERV'!E44 -> 11
A33: 3. CONTRATISTA
A34: Al firmar el presente formato, el contratista en calidad de trabajador independiente con Contrato de Prestación de Servicios suscrito con la Secretaría Juridica Distrital, manifiesta que bajo la gravedad de juramento, con las implicaciones penales consiguientes, que los documentos soportes de pago de aportes obligatorios al Sistema General de Seguridad en Salud, Pensiones y Riesgos Laborales, corresponden a los ingresos provenientes del Contrato de Prestación de Servicios citado en el apartado 1 del presente documento, materia de pago sujeto a retención de acuerdo a la siguiente información:
A38: =IF('INFORME DEL CONTRATISTA -SUPERV'!I26="X","LA SIGUIENTE INFORMACIÓN NO APLICA PARA PERSONAS JURIDICAS - ADJUNTAR CERTIFICACIÓN REVISOR FISCAL","")
D39: NOMBRE ADMINISTRADORA | H39: Nº DE PLANILLA | J39: FECHA DE PAGO | L39: MES DE APORTE
A40: PAGO APORTES SALUD | D40: =IF('INFORME DEL CONTRATISTA -SUPERV'!I26="X","NO APLICA",IF('INFORME DEL CONTRATISTA -SUPERV'!D81="","",'INFORME DEL CONTRATISTA -SUPERV'!D81)) -> COMPENSAR | H40: =IF('INFORME DEL CONTRATISTA -SUPERV'!I26="X","NO APLICA",IF('INFORME DEL CONTRATISTA -SUPERV'!H81="","",'INFORME DEL CONTRATISTA -SUPERV'!H81)) -> 39525563 39545108 | J40: =IF('INFORME DEL CONTRATISTA -SUPERV'!I26="X","NO APLICA",IF('INFORME DEL CONTRATISTA -SUPERV'!J81="","",'INFORME DEL CONTRATISTA -SUPERV'!J81)) -> 19/12/2019 20/12/2019 | L40: =IF('INFORME DEL CONTRATISTA -SUPERV'!I26="X","NO APLICA",IF('INFORME DEL CONTRATISTA -SUPERV'!L81="","",'INFORME DEL CONTRATISTA -SUPERV'!L81)) -> NOVIEMBRE DICIEMBRE
A41: PAGO APORTES PENSIÓN | D41: =IF('INFORME DEL CONTRATISTA -SUPERV'!I26="X","NO APLICA",IF('INFORME DEL CONTRATISTA -SUPERV'!D82="","",'INFORME DEL CONTRATISTA -SUPERV'!D82)) -> COMPENSAR | H41: =IF('INFORME DEL CONTRATISTA -SUPERV'!I26="X","NO APLICA",IF('INFORME DEL CONTRATISTA -SUPERV'!H82="","",'INFORME DEL CONTRATISTA -SUPERV'!H82)) -> 39525563 39545108 | J41: =IF('INFORME DEL CONTRATISTA -SUPERV'!I26="X","NO APLICA",IF('INFORME DEL CONTRATISTA -SUPERV'!J82="","",'INFORME DEL CONTRATISTA -SUPERV'!J82)) -> 19/12/2019 20/12/2019 | L41: =IF('INFORME DEL CONTRATISTA -SUPERV'!I26="X","NO APLICA",IF('INFORME DEL CONTRATISTA -SUPERV'!L82="","",'INFORME DEL CONTRATISTA -SUPERV'!L82)) -> NOVIEMBRE DICIEMBRE
A42: PAGO APORTE ARP | D42: =IF('INFORME DEL CONTRATISTA -SUPERV'!I26="X","NO APLICA",IF('INFORME DEL CONTRATISTA -SUPERV'!D83="","",'INFORME DEL CONTRATISTA -SUPERV'!D83)) -> COMPENSAR | H42: =IF('INFORME DEL CONTRATISTA -SUPERV'!I26="X","NO APLICA",IF('INFORME DEL CONTRATISTA -SUPERV'!H83="","",'INFORME DEL CONTRATISTA -SUPERV'!H83)) -> 39525563 39545108 | J42: =IF('INFORME DEL CONTRATISTA -SUPERV'!I26="X","NO APLICA",IF('INFORME DEL CONTRATISTA -SUPERV'!J83="","",'INFORME DEL CONTRATISTA -SUPERV'!J83)) -> 19/12/2019 20/12/2019 | L42: =IF('INFORME DEL CONTRATISTA -SUPERV'!I26="X","NO APLICA",IF('INFORME DEL CONTRATISTA -SUPERV'!L83="","",'INFORME DEL CONTRATISTA -SUPERV'!L83)) -> NOVIEMBRE DICIEMBRE
A43: * | B43: Tenga en cuenta que si adjunta planilla de pago de la planta de empleados de su empresa (Persona Juridica) "La tabla de calculo no
B44: procesara el valor de la planilla que adjunta.
A45: DETALLE DEL PAGO POR CONCEPTO DE APORTES A LA SEGURIDAD SOCIAL
A46: =IF('INFORME DEL CONTRATISTA -SUPERV'!I26="X","LA SIGUIENTE INFORMACIÓN NO APLICA PARA PERSONAS JURIDICAS - ADJUNTAR CERTIFICACIÓN REVISOR FISCAL","")
A47: * | B47: ='INFORME DEL CONTRATISTA -SUPERV'!B86 -> SI | C47: Estoy obligado a pagar pensión.
A48: * | B48: ='INFORME DEL CONTRATISTA -SUPERV'!B87 -> NO | C48: Pertenezco al régimen común | G48: IVA | H48: ='INFORME DEL CONTRATISTA -SUPERV'!H87 -> 0
A50: PERIODO CERTIFICADO | M50: ARL
A51: FECHA INICIAL | C51: FECHA FINAL | E51: DIAS CERTIFICADOS | G51: VALOR MENSUAL($) | M51: Clase de Riesgo
I52: PAGO SALUD | K52: PAGO PENSIÓN | M52: ='INFORME DEL CONTRATISTA -SUPERV'!M90 -> 1
I53: 0.125 | K53: 0.16 | M53: =IF(M52=1,0.522%,IF(M52=2,1.044%,IF(M52=3,2.436%,IF(M52=4,4.35%,IF(M52=5,6.96%,0))))) -> 0.00522
A54: =IF('INFORME DEL CONTRATISTA -SUPERV'!I26="X","NO APLICA",'INFORME DEL CONTRATISTA -SUPERV'!A94:B94) -> 43800 | C54: =IF('INFORME DEL CONTRATISTA -SUPERV'!I26="X","NO APLICA",'INFORME DEL CONTRATISTA -SUPERV'!C94:D94) -> 43817 | E54: =IF('INFORME DEL CONTRATISTA -SUPERV'!I26="X","NO APLICA",'INFORME DEL CONTRATISTA -SUPERV'!E94:F94) -> 18 | G54: =IF('INFORME DEL CONTRATISTA -SUPERV'!I26="X","NO APLICA",'INFORME DEL CONTRATISTA -SUPERV'!G94:H94) -> 4559617 | I54: =IF('INFORME DEL CONTRATISTA -SUPERV'!I26="X","NO APLICA",'INFORME DEL CONTRATISTA -SUPERV'!I94:J94) -> 228000 | K54: =IF('INFORME DEL CONTRATISTA -SUPERV'!I26="X","NO APLICA",'INFORME DEL CONTRATISTA -SUPERV'!K94:L94) -> 291900 | M54: =IF('INFORME DEL CONTRATISTA -SUPERV'!I26="X","NO APLICA",'INFORME DEL CONTRATISTA -SUPERV'!M94:N94) -> 9600
A55: * | B55: Recuerde que la planilla puede registrar un valor superior (por lo anterior no es necesario solicitar corrección del formato).
B56: SMLMV | D56: =IF('INFORME DEL CONTRATISTA -SUPERV'!I26="X","NO APLICA",'INFORME DEL CONTRATISTA -SUPERV'!D96:E96) -> 828116 | H56: Valor Fondo solidaridad | K56: =IF('INFORME DEL CONTRATISTA -SUPERV'!I26="X","NO APLICA",'INFORME DEL CONTRATISTA -SUPERV'!K96:M96)
A57: * | B57: Fondo de solidaridad | E57: =+'INFORME DEL CONTRATISTA -SUPERV'!E97 -> NO | F57: (1% del valor base a cotizar en seguridad social cuando supera los 4 smlmv)
A58: =IF('INFORME DEL CONTRATISTA -SUPERV'!I26="X","LOS SIGUIENTES DESCUENTOS NO APLICAN PARA PERSONAS JURIDICAS","")
A59: Por lo anterior y en cumplimiento de LEY 1819 de 29 de diciembre de 2016 "Por medio de la cual se adopta una reforma tributaria estructural, se fortalecen los mecanismos para la lucha contra la evasión y la elusión fiscal, y se dictan otras disposiciones.", razón por la cual el contratista procede a certificar:
A61: CERTIFICA
A62: Poseo a la fecha una cuenta AFC (Ahorro fomento a la Construcción) con un ahorro de | L62: 0
A63: Efectúo aportes Voluntarios a Pensiones a la presente fecha con un aporte de | L63: 0
A64: Pague intereses en préstamo para la adquisición de vivienda (o el costo financiero de un contrato de leasing) valor pagado año anterior:
A65: 0 | D65: No. De meses según certificación: | H65: 0 | J65: valor mensual | L65: 0
A66: * Recuerde que debe adjuntar la certificación del banco.
A67: pague un contrato de medicina prepagada por un valor pagado año | H67: =IF(E16=0," ",IF(YEAR(E16)=1900,0,YEAR(E16)-1)) -> 2018 | J67: 0
A68: No. de meses según certificación | E68: 0 | F68: valor mensual | J68: 0
A69: * Recuerde que debe adjuntar la certificación de la empresa prestadora del servicio.
A70: Por lo anterior y en cumplimiento del articulo 387 del Estatuto Tributario procede a certificar:
A72: NOMBRE | H72: CEDULA | K72: FECHA DE NACIMIENTO | M72: CALIDAD DE DEPENDIENTE
A79: * Recuerde que debe adjuntar la certificación firmada por el contador, copia de la Tarjeta profesional, copia de antecedentes y requerimientos judiciales.
A84: 4. SUPERVISOR
B86: El supervisor del contrato CERTIFICA el cumplimiento a satisfacción del Contrato de Prestación de Servicios del objeto citado en el apartado 1,
B87: durante | C87: =E17 -> 43800 | E87: a | F87: =H17 -> 43817 | H87: razón por la cual el supervisor procede a certificar que se efectue el pago
B88: al contratista en el presente mes el cual es: | F88: =E29 -> 4559617
A90: 8. DATOS PARA EL GIRO
A91: BANCO | E91: Bancolombia
A92: Nº DE CUENTA | E92: 66277830842
A93: TIPO DE CUENTA | E93: Ahorros
A95: 7. FIRMAS
A97: DATOS DEL SUPERVISOR(A) | H97: DATOS DEL CONTRATISTA
A98: FIRMA: | H98: FIRMA: | J98: =IF('INFORME DEL CONTRATISTA -SUPERV'!I26="X","NO ES NECESARIA LA FIRMA PARA PERSONAS JURIDICAS, ADJUNTAR FACTURA DE COBRO","")
A100: Nombre: | B100: =E3 -> ETHEL VASQUEZ ROJAS | H100: Contra/Empresa: | J100: =E5 -> CARLOS ARTURO RUEDA DAZA
A101: Cedula: | B101: =L3 -> 39546837 | H101: Cedula/NIT: | J101: =L5 -> 79235129
A102: Cargo: | B102: =IF(E4="","",E4) -> DIRECTORA DE GESTION CORPORATIVA
A103: * | B103: Los suscritos Supervisor(a) y Contratista mediante este documentos dan fe de la información aquí suscrita.
A105: OBSERVACIONES

Sheet Hoja2
A2: 1
A3: 2
A4: 3
A5: 4
A6: 5
A7: 6
A8: 7
A9: 8
A10: 9
A11: 10
A12: 11
A13: 12
... A25: 24
